 Dungeon Crawl Stone Soup version 0.20-a0-1006-ge6c5631 (webtiles) character file.

475 FastMan the Chopper (level 6, 0/84 HPs)
             Began as a Minotaur Berserker on Apr 14, 2017.
             Was a Priest of Trog.
             Killed from afar by an orc wizard (10 damage)
             ... with a puff of flame
             ... on level 5 of the Dungeon.
             The game lasted 00:01:29 (2038 turns).

FastMan the Chopper (Minotaur Berserker)            Turns: 2038, Time: 00:01:29

Health: 0/84       AC: 12    Str: 27    XL:     6   Next: 84%
Magic:  5/5        EV:  9    Int:  4    God:    Trog [***...]
Gold:   226        SH:  0    Dex: 11    Spells: 5/5 levels left

rFire    . . .     SeeInvis .   a - +0 hand axe
rCold    . . .     Gourm    .   (no shield)
rNeg     . . .     Faith    .   e - +0 plate armour
rPois    .         Spirit   .   (helmet restricted)
rElec    .         Reflect  .   (no cloak)
rCorr    .         Harm     .   (no gloves)
MR       .....                  (no boots)
Stlth    ..........             (no amulet)
Regen    0.3/turn               (no ring)
MPRegen  0.1/turn               (no ring)

@: berserking, lethally poisoned (0 -> -1), very quick
A: retaliatory headbutt, horns 2
a: Berserk, Trog's Hand, Burn Spellbooks, Renounce Religion


You were on level 5 of the Dungeon.
You worshipped Trog.
Trog was most pleased with you.
You were near starving.

You visited 1 branch of the dungeon, and saw 5 of its levels.

You collected 226 gold pieces.

Inventory:

Hand Weapons
 a - a +0 hand axe (weapon)
Armour
 b - a +0 animal skin
 e - a +0 plate armour (worn)
Jewellery
 l - an uncursed ring of flight {unknown}
Scrolls
 d - 4 scrolls of identify {unknown}
 h - a scroll of remove curse {unknown}
 j - a scroll of immolation {unknown}
 k - 2 scrolls of magic mapping {unknown}
 n - a scroll of enchant armour {unknown}
 p - a scroll of random uselessness {unknown}
 r - a scroll of blinking {unknown}
Potions
 g - 4 potions of might {unknown}
 o - a potion of magic {unknown}
 q - a potion of curing {unknown}
 s - 2 potions of heal wounds {unknown}
 u - a potion of degeneration {unknown}
Comestibles
 c - 4 bread rations {@e1}
 i - 6 fruits {@e4}
 m - 2 royal jellies {@e3}
 t - a meat ration {@e2}


   Skills:
 + Level 5.0 Fighting
 * Level 6.6 Axes
 + Level 4.4 Armour
 + Level 4.2 Dodging


You had 5 spell levels left.
You didn't know any spells.

Dungeon Overview and Level Annotations

Branches:
Dungeon (5/15)
 Temple: D:4-7

Altars:
Cheibriados
Fedhas
Hepliaklqana
Makhleb
Qazlal
Ru
Xom
Zin


Innate Abilities, Weirdness & Mutations

You reflexively headbutt those who attack you in melee.
You have a pair of horns on your head.


Message History

Trog accepts your kill.
You hit the jackal.
You kill the jackal!
Trog accepts your kill.
You barely miss the orc wizard. The orc wizard closely misses you.
You furiously retaliate!
You headbutt the orc wizard, but do no damage.
The orc priest calls down the wrath of Beogh upon you.
Beogh smites you!
* * * LOW HITPOINT WARNING * * *
The orc hits you but does no damage. The orc wizard hits you with a dagger.
* * * LOW HITPOINT WARNING * * *
You are too injured to fight recklessly!
A red film seems to cover your vision as you go berserk!
You feel yourself moving faster!
You feel mighty!
You are near starving!
The orc priest looks braver for a moment.
The orc wizard casts a spell at you. The puff of flame hits you!
You die...

#..........
####..........
##.......(o....#
.#....>.........#
..........o.....#
.........o.....#
#.......o).......
.......%@o..≈^...
#.....†††..#....≈
.........<.§.# .
##........≈^##
#..............
#.....>........_.
..............^.≈
..........≈###...
..........^. ≈.≈


You could see an orc priest, 2 orc wizards and 2 orcs.

Vanquished Creatures
  A phantom (D:4)
  An orc priest (D:4)
  A hound (D:4)
  2 orc wizards
  4 worker ants (D:4)
  4 gnolls (D:4)
  6 adders
  An ooze (D:3)
  A worm (D:2)
  4 dart slugs
  A leopard gecko (D:4)
  10 orcs
  A ball python (D:4)
  2 giant cockroaches (D:2)
  2 goblins
  6 hobgoblins
  7 jackals
  3 kobolds
  A quokka (D:4)
  2 bats
  5 frilled lizards
  A jackal skeleton (D:4)
  A quokka skeleton (D:4)
  7 rats
74 creatures vanquished.

Vanquished Creatures (others)
  The ghost of Treemains the Conjurer, an amateur DECj (D:3)
1 creature vanquished.

Grand Total: 75 creatures vanquished

Notes
Turn   | Place    | Note
-------+----------+-------------------------------------------
     0 | D:1      | FastMan the Minotaur Berserker began the quest for the Orb.
     0 | D:1      | Reached XP level 1. HP: 19/19 MP: 0/0
    63 | D:1      | Reached XP level 2. HP: 20/27 MP: 1/1
   179 | D:1      | Reached skill level 4 in Axes
   407 | D:2      | Found a blossoming altar of Fedhas.
   475 | D:2      | Reached XP level 3. HP: 32/33 MP: 2/2
   677 | D:2      | Reached ** piety under Trog
   720 | D:3      | Killed Treemains's ghost
   747 | D:3      | Reached XP level 4. HP: 40/40 MP: 3/3
   758 | D:3      | Reached skill level 5 in Axes
  1072 | D:3      | Found a faded altar of an unknown god.
  1072 | D:3      | Found a burning altar of Makhleb.
  1077 | D:3      | Found a glowing silver altar of Zin.
  1079 | D:3      | Found a sacrificial altar of Ru.
  1081 | D:3      | Found a blossoming altar of Fedhas.
  1132 | D:3      | Reached XP level 5. HP: 46/46 MP: 4/4
  1405 | D:4      | Reached XP level 6. HP: 36/53 MP: 5/5
  1416 | D:4      | Found a hazy altar of Hepliaklqana.
  1417 | D:4      | Found a shimmering altar of Xom.
  1417 | D:4      | Noticed a yak
  1418 | D:4      | Noticed a spectral ugly thing
  1418 | D:4      | Noticed a yak
  1493 | D:4      | Reached skill level 6 in Axes
  1547 | D:4      | Found a snail-covered altar of Cheibriados.
  1969 | D:4      | Reached skill level 5 in Fighting
  2027 | D:5      | Entered Level 5 of the Dungeon
  2027 | D:5      | Found a stormy altar of Qazlal.
  2037 | D:5      | Reached *** piety under Trog
  2038 | D:5      | Killed from afar by an orc wizard

Vault maps used:
D:1:      lemuel_arrival_lava_pool, minmay_misc_feat_ornament,
          grunt_decor_mini_mirrors, lexackson_kobold_supper
D:2:      fedhas_altar_2
D:3:      chequers_temple_overflow_minitemple, st_stairs_8, lemuel_flame_loot_1
D:4:      regret_index_temple_of_mockery, lemuel_crystal_altar,
          minmay_temple_entry_from_below_a, serial_shops, kennysheep_mini_moat
D:5:      grunt_dithmenos_smoke, first_bread, grunt_qazlal_sundering

Skill      XL: |  1  2  3  4  5  6 |
---------------+-------------------+-----
Axes           | 4 5 6 |  6.6
Armour         | 3 4 |  4.4
Dodging        | 3 4 |  4.2
Fighting       | 4 5 |  5.0

Action                   |  1- 3 |  4- 6 || total
-------------------------+-------+-------++-------
Melee: Hand axe          |    74 |   133 ||   207
       Headbutt          |    11 |    27 ||    38
Invok: Berserk           |     1 |     1 ||     2
  Eat: Chunk             |       |     4 ||     4
Armor: Animal skin       |     2 |       ||     2
       Plate armour      |    34 |    78 ||   112
Dodge: Dodged            |    25 |    42 ||    67
